 Dungeon Crawl Stone Soup version 0.25.1-2-g60ff931df9 (webtiles) character file.

Game seed: 7836494233913761756

36976 Kaptain the Geomancer (level 13, -1/80 HPs)
             Began as a Gargoyle Earth Elementalist on Sept 9, 2020.
             Slain by an orc warrior
             ... wielding a +0 mace
              (16 damage)
             ... on level 10 of the Dungeon.
             The game lasted 01:44:21 (23077 turns).

Kaptain the Geomancer (GrEE)                       Turns: 23077, Time: 01:44:22

Health: -1/80      AC: 19    Str: 17    XL:     13   Next: 93%
Magic:  2/28       EV: 11    Int: 22    God:
Gold:   667        SH:  0    Dex: 10    Spells: 10/34 levels left

rFire    + + +     SeeInvis .   N - +3 quarterstaff of Yvep {flame, *Contam rElec rF+++ rC-}
rCold    + . .     Gourm    .   (shield currently unavailable)
rNeg     + . .     Faith    .   l - +0 leather armour
rPois    ∞         Spirit   .   i - +2 hat
rElec    +         Reflect  .   k - scarf {harm}
rCorr    .         Harm     +   D - +1 pair of gloves
MR       +....                  t - +0 pair of boots
Stlth    ++........             (no amulet)
HPRegen  0.23/turn              a - +6 ring of strength
MPRegen  0.21/turn              s - ring "Voblof" {*Slow +Blink rPois rC++ MR+}

@: slowed, very slow
A: negative energy resistance 1, electricity resistance, unbreathing,
petrification resistance, rot immunity, AC +9
a: Evoke Blink


You were on level 10 of the Dungeon.
You were not hungry.

You visited 4 branches of the dungeon, and saw 18 of its levels.
You also visited: Gauntlet.

You collected 1252 gold pieces.
You spent 585 gold pieces at shops.

Inventory:

Hand Weapons
 p - a +0 rapier of protection
 z - a +4 scimitar of flaming
 E - a +0 flail of protection
 N - the +3 quarterstaff of Yvep (weapon) {flame, *Contam rElec rF+++ rC-}
   (You found it on level 7 of the Dungeon)

   It has been specially enchanted to burn those struck by it, causing extra
   injury to most foes and up to half again as much damage against particularly
   susceptible opponents.
   It renders you almost immune to fire.
   It makes you vulnerable to cold.
   It insulates you from electricity.
   It causes magical contamination when unequipped.
 Q - a +2 trident of venom
Missiles
 o - 47 stones (quivered)
 U - 13 silver javelins
Armour
 i - a +2 hat (worn)
 k - a scarf of harm (worn)
 l - a +0 leather armour (worn)
 t - a +0 pair of boots (worn)
 D - a +1 pair of gloves (worn)
 S - a +0 kite shield
Magical Staves
 x - an uncursed staff of earth
 L - an uncursed staff of wizardry
Jewellery
 a - a +6 ring of strength (left hand)
 r - an uncursed ring of protection from cold
 s - the ring "Voblof" (right hand) {*Slow +Blink rPois rC++ MR+}
   (You found it in a Gauntlet)

   [ring of protection from magic]

   It greatly protects you from cold.
   It protects you from poison.
   It affects your resistance to hostile enchantments.
   It lets you blink.
   It may slow you when you take damage.
Wands
 h - a wand of iceblast (20)
 y - a wand of flame (10)
 F - a wand of disintegration (23)
 H - a wand of paralysis (15)
 J - a wand of clouds (4)
 O - a wand of polymorph (5)
 Y - a wand of enslavement (15)
 Z - a wand of acid (8)
Scrolls
 e - 4 scrolls of remove curse
 g - 5 scrolls of amnesia
 j - 5 scrolls of identify
 m - a scroll of enchant weapon
 n - 4 scrolls of blinking
 u - 3 scrolls of enchant armour
 A - 4 scrolls of teleportation
 G - a scroll of fear
 I - a scroll of noise
 V - a scroll of immolation
Potions
 b - a potion of curing
 c - 2 potions of flight
 f - 2 potions of berserk rage
 q - 3 potions of stabbing
 v - 4 potions of lignification
 w - a potion of magic
 B - 2 potions of mutation
 K - a potion of invisibility
 P - 2 potions of ambrosia
 R - a potion of cancellation {unknown}
 T - a potion of haste
Miscellaneous
 M - a phial of floods
Comestibles
 d - 22 rations


   Skills:
 + Level 9.1 Fighting
 + Level 9.0 Armour
 - Level 1.5 Dodging
 - Level 2.1 Stealth
 - Level 4.7 Shields
 * Level 11.1 Spellcasting
 * Level 12.1 Conjurations
 - Level 0.7 Transmutations
 * Level 14.0 Earth Magic


You had 10 spell levels left.
You knew the following spells:

 Your Spells              Type           Power        Failure   Level  Hunger
a - Sandblast             Erth           ######       1%          1    None
b - Stone Arrow           Conj/Erth      ######       1%          3    None
c - Lee's Rapid Deconstr  Erth           ######....   1%          5    ####...
d - Passwall              Tmut/Erth      #####...     1%          2    None
e - Iron Shot             Conj/Erth      ######....   4%          6    ######.
f - Orb of Destruction    Conj           ######....   36%         7    #######

Your spell library contained the following spells:

 Spells                   Type           Power        Failure   Level  Hunger
 Static Discharge         Conj/Air       #####...     1%          3    None
 Petrify                  Tmut/Erth      #####...     3%          4    #......
 Beastly Appendage        Tmut           ###...       4%          1    None
 Bolt of Magma            Conj/Fire/Erth ######....   4%          5    ####...
 Sticks to Snakes         Tmut           ###.....     7%          2    None
 Iskenderun's Battlesphe  Conj/Chrm      #####...     14%         5    ####...
 Lightning Bolt           Conj/Air       #####.....   14%         5    ####...
 Spider Form              Tmut/Pois      ##........   16%         3    None
 Confusing Touch          Hex            ##......     19%         3    None
 Gell's Gravitas          Tloc           ##........   19%         3    None
 Ice Form                 Ice/Tmut       ##......     47%         4    #......
 Blade Hands              Tmut           ###.......   77%         5    ####...
 Yara's Violent Unravell  Hex/Tmut       ##........   83%         5    ####...
 Metabolic Englaciation   Hex/Ice        ##........   86%         5    ####...
 Spellforged Servitor     Conj/Summ      #####.....   99%         7    #######
 Ignition                 Fire           ##........   100%        8    #######
 Shatter                  Erth           ######....   100%        9    #######
 Tornado                  Air            ##........   100%        9    #######


Dungeon Overview and Level Annotations

Branches:
Dungeon (10/15)            Temple (1/1) D:7            Lair (6/6) D:9
 Shoals (0/4) Lair:4        Snake (0/4) Lair:4        Slime (0/5) Lair:5
    Orc (1/2) D:10        Gauntlet (visited)

Altars:
Ashenzari
Cheibriados
Dithmenos
Elyvilon
Fedhas
Gozag
Hepliaklqana
Kikubaaqudgha
Makhleb
Nemelex Xobeh
Okawaru
Qazlal
Ru
Sif Muna
Trog
Uskayaw
Vehumet
Wu Jian
Xom
Yredelemnul
Zin
The Shining One
Jiyva

Shops:
D:5 :

Annotations:
D:10 3 runed translucent doors, squishfish's ghost, journeyman GrFi
Lair:6 Rupert


Innate Abilities, Weirdness & Mutations

You are resistant to torment.
Your stone body is resilient. (AC +9)
You are immune to poison.
You resist negative energy. (rN+)
You are resistant to electric shocks. (rElec)
You can survive without breathing.
You are immune to petrification.
You are immune to rotting.


Message History

The orc warrior hits you with a +0 mace!
* * * LOW HITPOINT WARNING * * *
Quiver which item? (- for none, * to show all) (? for menu, Esc to quit)
Okay, then.
You feel better. The orc high priest barely misses you.
The orc warrior hits you with a +0 mace.
* * * LOW HITPOINT WARNING * * *
Casting: Lee's Rapid Deconstruction (dangerous; 1% risk of failure)
Confirm with . or Enter, or press ? or * to list all spells.
Aiming: Stone Arrow (safe; 1% risk of failure)
Press: ? - help, Shift-Dir - straight line, f - orc high priest
Aim: an orc high priest, wielding a +0 war axe and wearing a +0 leather armour (severely wounded)
The stone arrow hits the orc high priest!!
You kill the orc high priest!
Your Armour skill increases to level 9!
The orc warrior hits you with a +0 mace!
* * * LOW HITPOINT WARNING * * *
You feel better. The orc warrior misses you.
The orc warrior hits you with a +0 mace!
You die...

.#...............##.......^.....#
.#.........##....##....##.......#
.#.........##........[.##.......#
......##.........................
......##........................#
.#..............................#
.................................
....##..........)................
.#..##..........@...........##...
.#..............)o..........##..#
.#..............................#
.#...##........###..............#
.#...##...................##....#
.#..................)..[..##....#
.........##..........##(........#
##.......##..........##.........#
.................)..............#


You could see an orc warrior.

Vanquished Creatures
  Gastronok (Lair:2)
  Nessos (Lair:5)
  A minotaur (Gauntlet)
  6 hydras
  2 two-headed ogres
  A queen ant (Lair:2)
  An orc high priest (D:10)
  5 oklob plants
  7 spiny frogs
  2 black mambas
  4 rime drakes
  An efreet (Gauntlet)
  7 komodo dragons
  An ice devil (Gauntlet)
  5 blink frogs (Lair:2)
  7 hippogriffs
  2 wyverns
  A human (D:8)
  18 yaks
  Sigmund (D:3)
  2 basilisks
  2 fire elementals (Gauntlet)
  A steam dragon (D:10)
  2 insubstantial wisps (D:10)
  16 soldier ants
  4 nagas (Lair:4)
  3 wargs
  20 water moccasins
  3 hell hounds (Gauntlet)
  9 porcupines
  A hornet zombie (D:8)
  5 orc warriors
  4 ice beasts
  A phantom (D:6)
  3 sky beasts (D:10)
  4 wolves (Lair:1)
  6 centaurs
  6 crocodiles
  Blork the orc (D:6)
  A gnoll sergeant (D:8)
  22 bullfrogs
  A spiny frog simulacrum (Gauntlet)
  7 scorpions
  4 wights (D:10)
  2 howler monkeys
  2 crimson imps
  A centaur zombie (D:7)
  6 jellies
  4 hounds
  7 orc priests
  12 orc wizards
  Natasha (thrice) (D:2)
  3 iguanas
  30 worker ants
  A killer bee zombie (D:5)
  2 centaur simulacra (Gauntlet)
  2 bullfrog simulacra (Gauntlet)
  A hound skeleton (D:7)
  4 gnolls (D:8)
  A worker ant zombie (D:5)
  10 adders
  A shadow imp (D:7)
  2 white imps (Gauntlet)
  13 oozes
  2 adder zombies (D:5)
  3 worms
  3 dart slugs
  6 leopard geckos
  46 orcs
  A ball python (D:4)
  3 giant cockroaches
  5 goblins
  7 hobgoblins
  18 jackals
  17 kobolds
  7 quokkas
  7 bats
  2 frilled lizards
  A jackal skeleton (D:6)
  2 leopard gecko zombies
  5 rats
  A fungus (Lair:2)
  2 plants
447 creatures vanquished.

Vanquished Creatures (others)
  An orc priest (D:7)
  14 demonic plants (Gauntlet)
  3 fungi (Lair:2)
  5 plants
  7 toadstools (D:3)
30 creatures vanquished.

Grand Total: 477 creatures vanquished

Notes
Turn   | Place    | Note
-------+----------+-------------------------------------------
     0 | D:1      | Kaptain the Gargoyle Earth Elementalist began the quest for
                  | the Orb.
     0 | D:1      | Reached XP level 1. HP: 10/10 MP: 3/3
   307 | D:1      | Reached XP level 2. HP: 16/16 MP: 1/5
   693 | D:1      | Reached skill level 4 in Earth Magic
  1023 | D:1      | Reached skill level 1 in Fighting
  1032 | D:1      | Reached XP level 3. HP: 15/20 MP: 6/6
  1360 | D:2      | Reached skill level 1 in Armour
  1535 | D:2      | Reached XP level 4. HP: 25/25 MP: 3/8
  1783 | D:2      | Noticed Natasha
  1792 | D:2      | Killed Natasha
  1886 | D:2      | Noticed Natasha
  1898 | D:2      | Killed Natasha
  1898 | D:2      | Reached XP level 5. HP: 22/30 MP: 9/9
  1903 | D:2      | Learned a level 3 spell: Stone Arrow
  1982 | D:2      | Noticed Natasha
  2388 | D:2      | Reached skill level 5 in Earth Magic
  2474 | D:2      | Killed Natasha
  3306 | D:3      | Reached XP level 6. HP: 33/35 MP: 11/11
  3311 | D:3      | Found a faded altar of an unknown god.
  3483 | D:3      | Noticed Sigmund
  3521 | D:3      | Killed Sigmund
  3521 | D:3      | Reached skill level 1 in Conjurations
  3972 | D:3      | Reached XP level 7. HP: 27/40 MP: 11/13
  3975 | D:3      | Reached skill level 6 in Earth Magic
  4932 | D:5      | Entered Level 5 of the Dungeon
  4935 | D:5      | Found a shattered altar of Ashenzari.
  4940 | D:5      | Found a bloodstained altar of Trog.
  5138 | D:5      | Reached XP level 8. HP: 40/46 MP: 15/15
  5163 | D:5      | Learned a level 5 spell: Lee's Rapid Deconstruction
  5301 | D:5      | Found Lajirioj's Book Shoppe.
  5310 | D:5      | Found a blossoming altar of Fedhas.
  5324 | D:5      | Found a stormy altar of Qazlal.
  5390 | D:5      | Reached skill level 5 in Spellcasting
  5543 | D:5      | Reached skill level 7 in Earth Magic
  6231 | D:6      | Found a sacrificial altar of Ru.
  6231 | D:6      | Noticed Blork the orc
  6235 | D:6      | Killed Blork the orc
  6627 | D:6      | Found a white marble altar of Elyvilon.
  6691 | D:6      | Reached XP level 9. HP: 46/52 MP: 17/17
  6787 | D:6      | Reached skill level 5 in Conjurations
  6787 | D:6      | Reached skill level 8 in Earth Magic
  7475 | D:7      | Got a transparent quarterstaff
  7476 | D:7      | Identified the +3 quarterstaff of Yvep {flame, *Contam
                  | rElec rF+++ rC-} (You found it on level 7 of the Dungeon)
  7904 | D:7      | Found a staircase to the Ecumenical Temple.
  7913 | Temple   | Entered the Ecumenical Temple
  8021 | D:7      | Found a sacrificial altar of Ru.
  8132 | D:7      | Found a glowing golden altar of the Shining One.
  8137 | D:7      | Found a basalt altar of Yredelemnul.
  8142 | D:7      | Noticed a profane servitor
  8154 | D:7      | Noticed an angel
  8564 | D:8      | Reached skill level 5 in Fighting
  8624 | D:8      | Noticed a two-headed ogre
  8633 | D:8      | Killed a two-headed ogre
  8633 | D:8      | Reached skill level 5 in Armour
  8633 | D:8      | Reached skill level 9 in Earth Magic
  8633 | D:8      | Reached XP level 10. HP: 52/59 MP: 17/20
  8858 | D:8      | Found a glowing silver altar of Zin.
  8859 | D:8      | Found an opulent altar of Gozag.
  9388 | D:9      | Found a staircase to the Lair.
  9648 | D:9      | Found a sparkling altar of Nemelex Xobeh.
  9649 | D:9      | Found a shimmering blue altar of Sif Muna.
  9874 | D:10     | Entered Level 10 of the Dungeon
 10103 | D:10     | Found a staircase to the Orcish Mines.
 10330 | D:10     | Reached skill level 10 in Earth Magic
 10441 | D:10     | Found a runed translucent gate.
 10441 | D:10     | Noticed a 12-headed hydra
 10442 | D:10     | Found a runed translucent gate.
 10483 | D:10     | Noticed a two-headed ogre
 10487 | D:10     | Killed a two-headed ogre
 10584 | D:10     | Found a runed translucent gate.
 10584 | D:10     | Noticed squishfish's ghost (journeyman GrFi)
 10586 | D:10     | Noticed an 11-headed hydra
 11366 | Lair:1   | Entered Level 1 of the Lair of Beasts
 11374 | D:9      | Reached XP level 11. HP: 59/64 MP: 23/23
 11418 | D:9      | Reached skill level 1 in Shields
 11822 | Lair:1   | Noticed a five-headed hydra
 11834 | Lair:1   | Killed a five-headed hydra
 11834 | Lair:1   | Reached skill level 11 in Earth Magic
 13713 | Lair:2   | Noticed a five-headed hydra
 13742 | Lair:2   | Killed a five-headed hydra
 14146 | Lair:2   | Reached XP level 12. HP: 43/72 MP: 3/25
 14561 | Lair:2   | Learned a level 2 spell: Passwall
 14592 | Lair:2   | Noticed Gastronok
 14856 | Lair:2   | Reached skill level 12 in Earth Magic
 15072 | D:5      | Bought a book of Power for 585 gold pieces
 15079 | D:5      | Learned a level 6 spell: Iron Shot
 15300 | Lair:2   | Killed Gastronok
 15300 | Lair:2   | Reached skill level 10 in Conjurations
 15834 | Lair:3   | Noticed a five-headed hydra
 15874 | Lair:3   | Noticed a five-headed hydra
 15933 | Lair:3   | Killed a five-headed hydra
 15951 | Lair:3   | Found a gate leading to a gauntlet.
 15960 | Gauntlet | Entered a Gauntlet
 15960 | Gauntlet | Found a transporter.
 15960 | Gauntlet | Found a transporter.
 15960 | Gauntlet | Found a transporter.
 15981 | Gauntlet | Found a transporter.
 15991 | Gauntlet | Found a transporter.
 15994 | Gauntlet | Found a transporter.
 16008 | Gauntlet | Found a transporter.
 16022 | Gauntlet | Found a runed translucent door.
 16023 | Gauntlet | Found a transporter.
 16024 | Gauntlet | Found a runed translucent door.
 16028 | Gauntlet | Found a transporter.
 16031 | Gauntlet | Found a transporter.
 16039 | Gauntlet | Found a transporter.
 16042 | Gauntlet | Found a transporter.
 16043 | Gauntlet | Found a runed translucent door.
 16503 | Gauntlet | Got a wavering golden ring
 16504 | Gauntlet | Identified the ring "Voblof" {*Slow +Blink rPois rC++ MR+}
                  | (You found it in a Gauntlet)
 16715 | Gauntlet | Noticed a minotaur
 16722 | Gauntlet | Killed a minotaur
 17064 | Lair:3   | Noticed a six-headed hydra
 17069 | Lair:3   | Killed a six-headed hydra
 17082 | Lair:3   | Reached skill level 10 in Spellcasting
 17671 | Lair:3   | Reached XP level 13. HP: 62/78 MP: 13/27
 17923 | Lair:2   | Reached skill level 13 in Earth Magic
 19356 | Lair:4   | Identified a scroll of acquirement
 19358 | Lair:4   | Acquired a book of the Tempests
 19521 | Lair:4   | Found a staircase to the Snake Pit.
 19832 | Lair:4   | Found a staircase to the Shoals.
 20205 | Lair:4   | Learned a level 7 spell: Orb of Destruction
 20988 | Lair:5   | Noticed Nessos
 20994 | Lair:5   | Killed Nessos
 22247 | Lair:5   | Found a runed translucent door.
 22386 | Lair:5   | Found a viscous altar of Jiyva.
 22388 | Lair:5   | Found a staircase to the Slime Pits.
 22864 | Lair:6   | Entered Level 6 of the Lair of Beasts
 22865 | Lair:6   | Noticed Rupert
 23036 | Orc:1    | Entered Level 1 of the Orcish Mines
 23063 | Orc:1    | Reached skill level 14 in Earth Magic
 23077 | D:10     | Slain by an orc warrior

Illustrated notes

Levels and vault maps discovered:
D:1:      grunt_arrival_crossed_arrows, layout_basic, minmay_curled_crystal,
          minmay_tetromino_l2
D:2:      layout_basic, first_ration, uniq_natasha
D:3:      cheibrodos_fertilizer, layout_loops_cross,
          chequers_ecumenical_altar_island, uniq_sigmund
D:4:      layout_loops_ring
D:5:      layout_loops_ring, grunt_temple_overflow_forces_of_nature,
          grunt_temple_overflow_open, serial_shops, nicolae_shop_crystal
D:6:      layout_basic, kennysheep_mini, nicolae_ru_sacrificial_ziggurat,
          uniq_blork_the_orc
D:7:      layout_loops_ring, grunt_temple_overflow_holy_war,
          kennysheep_little_box, minmay_temple_entry_fiery, grunt_ministairs_15
D:8:      layout_cave_pools, grunt_temple_overflow_gold_and_silver,
          grunt_pizzeria
D:9:      layout_small_grid, minitemple, lair_entry_dummy
D:10:     layout_basic, erik_orc_4, gammafunk_ghost_hydra_chop,
          hangedman_misty_isle
Temple:   cyrus_temple_forest
Lair:1:   layout_layer_cave
Lair:2:   layout_small_grid, serial_bayou_shore_b, lemuel_fruit_fields,
          grunt_megastairs_1, uniq_gastronok
Lair:3:   layout_big_grid, gauntlet_entry_generic, zaba_anthell,
          grunt_megastairs_3
Lair:4:   layout_big_grid, minmay_shoals_entry_centaurs,
          minmay_snake_entry_guardpost_small, minmay_hedge_maze,
          serial_bayou_shore_b, serial_bayou_shore_b, minmay_lair_oklob_chamber
Lair:5:   layout_cave_pods, slime_altar_2, lemuel_fruit_tree,
          serial_bayou_shore_b, grunt_megastairs_5, uniq_nessos
Lair:6:   minmay_lair_end_enchanted_forest, layout_cellular_growth, st_stairs_8,
          serial_bayou_ford_a, grunt_megastairs_2, infiniplex_staircase_pool_2,
          serial_bayou_shore_b, uniq_rupert
Orc:1:    layout_diamond_mine, enter_bailey_2, nicolae_orc_lava_room

Skill      XL: |  1  2  3  4  5  6  7  8  9 10 11 12 13 |
---------------+----------------------------------------+-----
Earth Magic    | 4 5 6 7 9 10 11 12 14 | 14.0
Fighting       | 1 2 3 4 5 6 7 8 9 |  9.1
Armour         | 1 2 3 4 5 6 7 8 9 |  9.0
Spellcasting   | 3 4 5 7 8 9 10 11 | 11.1
Conjurations   | 1 3 4 6 8 9 10 12 | 12.1
Shields        | 3 4 |  4.7
Dodging        | |  1.5
Stealth        | |  2.1
Transmutations | |  0.7

Action                   |  1- 3 |  4- 6 |  7- 9 | 10-12 | 13-15 || total
-------------------------+-------+-------+-------+-------+-------++-------
Melee: Dagger            |    49 |   233 |   317 |     3 |       ||   602
       Trident           |       |       |       |   178 |       ||   178
       Quarterstaff      |       |       |       |    35 |    44 ||    79
       Rapier            |       |       |       |     7 |       ||     7
 Cast: Sandblast         |    32 |    12 |    78 |    90 |     6 ||   218
       Lee's Rapid Decon |       |       |       |    81 |    59 ||   140
       Stone Arrow       |       |       |       |    24 |    15 ||    39
       Iron Shot         |       |       |       |    16 |    43 ||    59
  Use: Scroll            |       |     3 |     2 |    21 |    10 ||    36
       Potion            |       |       |       |    13 |     2 ||    15
 Stab: Sleeping          |     2 |     4 |     4 |     4 |       ||    14
  Eat: Chunk             |     2 |     8 |    11 |    22 |    23 ||    66
       Ration            |       |       |     2 |     8 |     5 ||    15
Armor: Robe              |     3 |       |       |       |       ||     3
       Leather armour    |    31 |    80 |   151 |   196 |    86 ||   544
Dodge: Dodged            |    47 |   130 |   179 |   241 |    56 ||   653
